Map: Abyssal Reef LE

Players

Snute - Winner!

  • Race: Zerg Zerg
  • Spawn Location: 11:00

Cham

  • Race: Zerg Zerg
  • Spawn Location: 5:00

Event: WCS Jonkoping 2017

VOD

Have the link to the VOD?

Description

Time

  • Played on: June 18, 2017, 9:04 a.m.
  • Length: 9:22

All games in this series

Show
View Real Time Build Order
Export as new Build Order

Snute Zerg - Winner!

Build Orders: Pool First 

Get SALT Encoding   

  12  0:00  Drone  
  13  0:15  Extractor  
  12  0:24  Spawning Pool  
  12  0:27  Drone  
  12  0:33  Drone  
  13  0:37  Drone  
  14  0:49  Overlord  
  14  1:10  Zergling x2  
  14  1:11  Zergling x4  
  17  1:14  Metabolic Boost  
  17  1:22  Zergling x2  
  18  1:32  Zergling x2  
  19  1:36  Baneling Nest  
  18  1:43  Zergling x2  
  19  1:49  Queen  
  21  1:54  Zergling x2  
  22  2:04  Overlord  
  22  2:15  Extractor, Zergling x2  
  23  2:28  Zergling x2  
  24  2:35  Baneling x2  
  24  2:38  Zergling x2  
  25  2:48  Zergling x2  
  24  2:58  Drone x3  
  27  3:01  Baneling  
  27  3:04  Drone  
  23  3:23  Hatchery  
  23  3:26  Zergling x4  
  24  3:33  Queen  
  26  3:38  Zergling x2  
  27  3:43  Zergling x4  
  28  3:52  Overlord  
  27  3:56  Baneling  
  27  4:00  Overlord  
  27  4:04  Baneling  
  27  4:13  Drone x3  
  30  4:21  Baneling  
  30  4:23  Drone  
  30  4:24  Drone x2  
  33  4:35  Drone x2  
  35  4:41  Drone x3  
  35  4:45  Drone  
  39  4:49  Overlord  
  39  4:56  Drone  
  39  5:02  Overlord  
  39  5:06  Drone x3  
  42  5:13  Drone  
  42  5:14  Drone  
  44  5:15  Drone x2  
  44  5:20  Overlord  
  46  5:28  Hatchery  
  45  5:33  Baneling  
  44  5:40  Zergling x6  
  44  5:41  Drone  
  44  5:42  Drone x3  
  48  5:45  Drone  
  49  5:52  Extractor  
  49  5:54  Drone  
  49  5:55  Roach Warren  
  48  6:01  Drone  
  49  6:04  Drone  
  49  6:05  Evolution Chamber  
  49  6:08  Lair  
  49  6:10  Drone  
  50  6:14  Extractor  
  50  6:15  Drone  
  50  6:17  Drone  
  50  6:26  Drone  
  50  6:31  Zerg Missile Weapons Level 1  
  50  6:40  Roach x3  
  50  6:41  Overlord  
  50  6:42  Overlord x2  
  50  6:44  Queen  
  50  6:46  Extractor  
  57  6:47  Roach x2  
  61  6:57  Roach x2  
  65  7:03  Roach x3  
  71  7:10  Drone x2  
  71  7:11  Drone x5  
  71  7:13  Drone  
  79  7:21  Glial Reconstitution  
  79  7:26  Roach  
  79  7:27  Roach x3  
  79  7:29  Overlord  
  87  7:34  Roach x3  
  93  7:39  Roach x2  
  93  7:40  Overlord  
  93  7:41  Overlord  
  97  7:50  Roach x4  
  107  7:58  Roach x3  
  115  8:05  Roach x2  
  115  8:06  Roach x3  
  121  8:13  Overlord  
  121  8:15  Overlord  
  121  8:16  Overlord  
  120  8:31  Roach x3  
  120  8:32  Roach  
  128  8:36  Roach x3  
  128  8:39  Roach  
  128  8:40  Roach  
  138  8:47  Roach  
  138  8:48  Roach x2  
  144  8:55  Roach x2  
  142  8:56  Roach  
Show
View Real Time Build Order
Export as new Build Order

Cham Zerg 

Build Orders: Pool First 

Get SALT Encoding   

  12  0:00  Drone  
  14  0:16  Extractor  
  12  0:25  Spawning Pool  
  12  0:27  Drone  
  12  0:32  Drone  
  13  0:37  Drone  
  14  0:49  Overlord  
  14  1:12  Zergling x2  
  14  1:15  Queen  
  14  1:17  Metabolic Boost  
  17  1:22  Zergling x2  
  19  1:25  Zergling x2  
  19  1:30  Zergling x2  
  20  1:35  Zergling x2  
  21  1:46  Overlord  
  21  1:57  Zergling x2  
  22  2:08  Hatchery  
  22  2:12  Zergling x2  
  22  2:17  Zergling x2  
  23  2:29  Queen  
  23  2:33  Zergling x2  
  25  2:37  Zergling x2  
  25  2:44  Zergling x2  
  27  2:48  Zergling x2  
  27  2:51  Zergling x2  
  24  3:12  Baneling Nest  
  24  3:14  Zergling x2  
  24  3:17  Zergling x2  
  25  3:23  Zergling x2  
  26  3:27  Zergling x2  
  26  3:33  Zergling x4  
  26  3:42  Zergling x2  
  26  3:45  Zergling x2  
  23  3:56  Zergling x4  
  25  4:05  Drone x2  
  26  4:14  Drone  
  26  4:16  Drone  
  28  4:25  Drone  
  28  4:27  Baneling x2  
  29  4:31  Zergling x2  
  29  4:36  Drone  
  31  4:38  Baneling  
  31  4:40  Drone  
  31  4:42  Overlord  
  32  4:46  Drone  
  32  4:52  Overlord  
  33  4:57  Drone  
  33  5:05  Evolution Chamber  
  32  5:10  Drone x2  
  34  5:15  Baneling x2  
  34  5:16  Overlord  
  34  5:20  Drone  
  35  5:26  Drone x2  
  37  5:41  Drone x2  
  35  5:43  Drone x4  
  39  5:53  Zerg Ground Armor Level 1  
  39  5:54  Drone  
  39  5:56  Drone  
  41  5:59  Drone  
  41  6:00  Drone  
  43  6:09  Roach Warren  
  43  6:10  Baneling  
  42  6:13  Drone  
  42  6:15  Overlord  
  43  6:27  Drone  
  43  6:30  Drone, Overlord  
  44  6:34  Zergling x4  
  44  6:35  Zergling x2  
  44  6:38  Hatchery  
  46  6:44  Overlord  
  46  6:46  Zergling x4  
  49  6:47  Zergling x4  
  49  6:52  Overlord  
  50  7:02  Roach x4  
  50  7:03  Roach  
  50  7:07  Roach x2  
  62  7:16  Roach  
  62  7:19  Overlord  
  64  7:26  Roach  
  64  7:28  Overlord  
  64  7:29  Zergling x8  
  70  7:35  Extractor x2  
  68  7:38  Zergling x2  
  69  7:46  Zergling x4  
  69  7:51  Drone x2  
  73  7:52  Queen  
  73  7:54  Drone x3  
  78  7:59  Drone  
  78  8:03  Drone x2  
  78  8:04  Drone x3  
  78  8:05  Lair  
  82  8:07  Overlord  
  82  8:13  Drone  
  82  8:15  Overlord  
  82  8:22  Drone x4  
  82  8:25  Overlord  
  83  8:31  Roach x2  
  83  8:33  Roach  
  89  8:36  Roach x2  
  89  8:39  Roach  
  95  8:43  Roach  
  95  8:44  Roach  
  100  8:48  Roach  
  100  8:50  Roach  
  100  8:52  Zergling x6  
  105  8:59  Roach x2  
  105  9:00  Zergling x4, Roach  
Tags
 
Add a new tag
Caveats
  • Supply blocks, unpowered buildings, or Contaminate may cause inaccurate times.
  • Supply counts are checked every 10 seconds.